 Dungeon Crawl Stone Soup version 0.24-a0-92-g7d8ec57 (console) character file.

Game seed: 10522368734729324488

8267 Duffy the Martial Artist (level 11, -4/86 HPs)
             Began as a Red Draconian Transmuter on Feb 9, 2019.
             Was a Follower of Ru.
             Slain by Snorg (14 damage)
             ... on level 10 of the Dungeon.
             The game lasted 00:20:27 (12354 turns).

Duffy the Martial Artist (DrTm)                    Turns: 12354, Time: 00:20:28

Health: -4/86      AC:  2    Str: 12    XL:     11   Next: 7%
Magic:  15/18      EV: 30    Int: 16    God:    Ru [*.....]
Gold:   668        SH:  0    Dex: 18    Spells: 5/20 levels left

rFire    . . .     SeeInvis .     - Unarmed
rCold    . . .     Gourm    .   (shield currently unavailable)
rNeg     . . .     Faith    .   (armour unavailable)
rPois    x         Spirit   .   (helmet currently unavailable)
rElec    .         Reflect  .   (cloak currently unavailable)
rCorr    .         Harm     .   (gloves currently unavailable)
MR       .....                  (boots currently unavailable)
Stlth    ++........             t - amulet of regeneration
HPRegen  0.64/turn              M - +3 ring of evasion
MPRegen  0.16/turn              (no ring)

@: spider-form
A: tiny, (breathe fire), unfitting armour, hated by all, AC +7
a: End Transformation, Renounce Religion


You were on level 10 of the Dungeon.
You worshipped Ru.
Ru was aware of your devotion.
You were near starving.
You were a venomous arachnid creature.
You visited 1 branch of the dungeon, and saw 10 of its levels.
You also visited: Sewer.

You collected 668 gold pieces.

Inventory:

Hand Weapons
 a - a +3 blowgun
 H - the +5 dagger of the Sneaky Realms {drain, +Inv MR++ SInv Stlth-}
   (You found it on level 8 of the Dungeon)

   A truly terrible weapon, it drains the life of those it strikes.
   It affects your resistance to hostile enchantments.
   It lets you see invisible.
   It lets you turn invisible.
   It makes you less stealthy.
Missiles
 i - 169 arrows
 o - 5 curare-tipped needles
 x - a throwing net (quivered)
Armour
 g - a +0 pair of gloves (melded)
 D - a +2 pair of boots of stealth (melded)
 N - a +0 cloak (melded)
Magical Staves
 F - an uncursed staff of power {!a}
 O - an uncursed staff of death {!a}
Jewellery
 t - an amulet of regeneration (around neck)
 M - a +3 ring of evasion (left front leg)
Wands
 A - a wand of iceblast (10)
 C - a wand of digging (2)
 L - a wand of flame (14)
Scrolls
 e - 3 scrolls of magic mapping {unknown}
 f - 5 scrolls of enchant armour {unknown}
 h - a scroll of summoning {unknown}
 j - 2 scrolls of fog {unknown}
 k - 2 scrolls of blinking {unknown}
 n - 4 scrolls of fear {unknown}
 v - a scroll of immolation {unknown}
 y - 8 scrolls of teleportation {unknown}
 B - a scroll of amnesia {unknown}
 E - 2 scrolls of remove curse {unknown}
 G - 2 scrolls of identify
 I - 2 scrolls of enchant weapon {unknown}
 J - a scroll of random uselessness {unknown}
 K - a scroll of acquirement {unknown}
Potions
 b - 5 potions of degeneration {unknown}
 d - 3 potions of curing
 l - 6 potions of heal wounds
 m - 5 potions of might
 p - 4 potions of magic
 q - 4 potions of haste
 r - a potion of resistance
 s - 4 potions of berserk rage
 u - 2 potions of agility
 w - 2 potions of flight
 z - 3 potions of brilliance {unknown}
Comestibles
 c - 23 rations


   Skills:
 - Level 5.0 Fighting
 + Level 7.4 Dodging
 + Level 9.9 Unarmed Combat
 + Level 5.2 Spellcasting
 - Level 8.0 Transmutations
 - Level 3.0 Poison Magic
 - Level 5.0 Evocations


You had 5 spell levels left.
You knew the following spells:

 Your Spells              Type           Power        Failure   Level  Hunger
h - Spider Form           Tmut/Pois      ###.......   14%         3    ###....
j - Sticks to Snakes      Tmut           ####....     4%          2    #......
k - Beastly Appendage     Tmut           ####..       3%          1    None
l - Ice Form              Ice/Tmut       ###.....     50%         4    ####...
y - Blade Hands           Tmut           ####......   34%         5    ######.

Your spell library contained the following spells:

 Spells                   Type           Power        Failure   Level  Hunger
 Summon Butterflies       Summ           Unusable     N/A         1    N/A
 Call Canine Familiar     Summ           Unusable     N/A         3    N/A
 Summon Ice Beast         Ice/Summ       Unusable     N/A         4    N/A
 Summon Mana Viper        Hex/Summ       Unusable     N/A         5    N/A
 Summon Hydra             Summ           Unusable     N/A         7    N/A

Dungeon Overview and Level Annotations

Branches:
Dungeon (10/15)            Temple (0/1) D:5             Orc (0/2) D:9
   Lair: D:8-11

Altars:
Ashenzari
Cheibriados
Hepliaklqana
Makhleb
Qazlal
Ru
Sif Muna
Uskayaw
Zin

Shops:
D:4 (   D:5 }

Annotations:
D:9 1 exclusion
D:10 Snorg


Innate Abilities, Weirdness & Mutations

((You can breathe blasts of fire.))
((Your fiery red scales are hard. (AC +7)))
You cannot fit into any form of body armour.
((Your flesh is heat resistant. (rF+)))
((You are cold-blooded and may be slowed by cold attacks.))
You are hated by all.


Message History

Snorg is engulfed in blazing flames.
Snorg completely misses you. x2
Snorg claws you!
Snorg is engulfed in blazing flames.
Snorg barely misses you. Snorg claws you! Snorg completely misses you.
You barely miss Snorg.
Snorg is moderately wounded.
Snorg is engulfed in blazing flames.
Snorg barely misses you. Snorg misses you. Snorg completely misses you.
You bite Snorg!
Snorg looks as sick as possible!
Snorg is heavily wounded.
You have got your breath back.
Snorg is engulfed in blazing flames.
Snorg completely misses you. Snorg misses you. x2
You barely miss Snorg.
Snorg is heavily wounded.
Snorg is engulfed in blazing flames.
Snorg misses you. Snorg closely misses you. Snorg claws you!
You hit Snorg but do no damage.
Snorg looks as sick as possible!
Snorg is severely wounded.
Snorg is engulfed in blazing flames.
Snorg bites you!! Snorg claws you!
You die...

......#
#..'....###
#^........#
#'##### ####....#
#.........# #.#
###'##
#####+##### #.#
##..# #.# #..##
#.# #.## #.##
##'#### ...#
#.....#########
...#
#.....'sT.....#
...#
###.....#######.+
...######.'.....#
...##.....#.....#
......#####.....#
...#### #.....#
#### #######


You could see Snorg (berserk).

Vanquished Creatures
  An unseen horror (D:10)
  Pikel (D:9)
  2 trolls (D:9)
  A hippogriff (D:7)
  2 wyverns (D:9)
  Eustachio (D:4)
  A hungry ghost (D:9)
  5 yaks (D:9)
  Menkaure (D:7)
  Edmund (D:6)
  Duvessa (D:6)
  2 sky beasts
  4 slaves
  3 ice beasts
  4 black bears
  4 orc warriors
  An eye of draining (D:8)
  2 phantoms
  3 ogres
  4 centaurs
  A crocodile (D:9)
  5 big kobolds (D:9)
  4 bullfrogs
  3 gnoll sergeants
  Dowan (D:6)
  2 scorpions
  9 killer bees
  9 wights
  6 crimson imps
  A centaur zombie (D:8)
  6 hounds
  A centaur skeleton (D:4)
  An orc priest (D:10)
  4 jellies
  7 iguanas
  3 orc wizards
  5 worker ants
  A hound skeleton (D:10)
  12 gnolls
  11 adders
  2 shadow imps
  2 oozes (D:1)
  6 worms
  3 dart slugs
  6 leopard geckos
  23 orcs
  9 ball pythons
  11 giant cockroaches
  13 goblins
  5 hobgoblins
  9 jackals
  14 kobolds
  3 quokkas
  8 bats
  10 frilled lizards
  A jackal skeleton (D:5)
  A leopard gecko zombie (D:8)
  11 rats
  5 plants (Sewer)
278 creatures vanquished.

Vanquished Creatures (others)
  An iron imp (D:7)
  2 plants (Sewer)
3 creatures vanquished.

Grand Total: 281 creatures vanquished

Notes
Turn   | Place    | Note
-------+----------+-------------------------------------------
     0 | D:1      | Duffy the Draconian Transmuter began the quest for the Orb.
     0 | D:1      | Reached XP level 1. HP: 16/16 MP: 3/3
   231 | D:2      | Reached XP level 2. HP: 16/23 MP: 5/5
   235 | D:2      | Learned a level 2 spell: Sticks to Snakes
   567 | D:2      | Reached XP level 3. HP: 4/28 MP: 6/6
   891 | D:3      | Learned a level 3 spell: Spider Form
  1099 | D:3      | Reached skill level 4 in Unarmed Combat
  1099 | D:3      | Reached XP level 4. HP: 23/35 MP: 7/7
  1137 | D:3      | Reached skill level 1 in Poison Magic
  1226 | D:3      | Found a glowing drain.
  1230 | Sewer    | Entered a sewer
  2653 | D:4      | Reached XP level 5. HP: 31/40 MP: 8/8
  3309 | D:4      | Found a deep blue altar of Sif Muna.
  3340 | D:4      | Reached XP level 6. HP: 47/47 MP: 9/9
  3364 | D:4      | Found Ogugullu's Weapon Shoppe.
  3396 | D:4      | Found a sacrificial altar of Ru.
  3410 | D:4      | Reached skill level 5 in Unarmed Combat
  3428 | D:4      | Became a worshipper of Ru the Awakened
  4941 | D:2      | Gained mutation: You are hated by all. [Ru sacrifice]
  4941 | D:2      | Reached * piety under Ru
  5271 | D:3      | Your scales start taking on a fiery red colour.
  5271 | D:3      | Reached XP level 7. HP: 52/52 MP: 7/11
  5271 | D:3      | Gained mutation: Your flesh is heat resistant. (rF+) [Red
                  | Draconian growth]
  5663 | D:4      | Noticed Eustachio
  5675 | D:4      | Killed Eustachio
  5675 | D:4      | Reached skill level 5 in Transmutations
  6143 | D:4      | Reached skill level 6 in Unarmed Combat
  6143 | D:4      | Reached skill level 1 in Evocations
  6204 | D:5      | Entered Level 5 of the Dungeon
  6548 | D:5      | Found Ijadek's Gadget Shop.
  6565 | D:5      | Reached XP level 8. HP: 56/62 MP: 9/12
  6681 | D:5      | Found a glowing silver altar of Zin.
  6737 | D:5      | Found a staircase to the Ecumenical Temple.
  7132 | D:6      | Noticed Edmund
  7147 | D:6      | Killed Edmund
  7351 | D:6      | Found a shattered altar of Ashenzari.
  7817 | D:6      | Noticed Duvessa
  7819 | D:6      | Noticed Dowan
  7822 | D:6      | Killed Dowan
  7823 | D:6      | Killed Duvessa
  7896 | D:6      | Reached skill level 5 in Fighting
  7984 | D:7      | Found a hide-covered altar of Uskayaw.
  8053 | D:7      | Found a snail-covered altar of Cheibriados.
  8053 | D:7      | Noticed Menkaure
  8065 | D:7      | Killed Menkaure
  8065 | D:7      | Reached XP level 9. HP: 26/74 MP: 9/13
  8229 | D:7      | Reached skill level 5 in Dodging
  8229 | D:7      | Reached skill level 5 in Evocations
  8248 | D:7      | Found a stormy altar of Qazlal.
  8772 | D:7      | Reached skill level 7 in Unarmed Combat
  9222 | D:8      | Got an ancient dagger
  9717 | D:8      | Reached skill level 5 in Spellcasting
  9763 | D:8      | Reached XP level 10. HP: 81/81 MP: 17/17
  9771 | D:8      | Learned a level 4 spell: Ice Form
  9777 | D:8      | Learned a level 5 spell: Blade Hands
 10056 | D:9      | Reached skill level 8 in Unarmed Combat
 10141 | D:9      | Found a burning altar of Makhleb.
 10379 | D:9      | Identified the +5 dagger of the Sneaky Realms {drain, +Inv
                  | MR++ SInv Stlth-} (You found it on level 8 of the Dungeon)
 10540 | D:9      | Noticed Pikel
 10632 | D:9      | Killed Pikel
 10732 | D:9      | Found a staircase to the Orcish Mines.
 10735 | D:9      | Reached skill level 9 in Unarmed Combat
 11360 | D:9      | Found a hazy altar of Hepliaklqana.
 11639 | D:10     | Entered Level 10 of the Dungeon
 11815 | D:10     | Reached XP level 11. HP: 60/86 MP: 18/18
 12240 | D:10     | Killed an unseen horror
 12345 | D:10     | Noticed Snorg
 12354 | D:10     | Slain by Snorg

Levels and vault maps discovered:
D:1:      dpeg_cavernosity, layout_basic, minmay_three_crescents
D:2:      layout_rooms
D:3:      layout_loops_corners, gup_sewer_entry_spiral, grunt_ministairs_3,
          minmay_ogre_servants
D:4:      layout_loops_corners, kennysheep_mini_moat, nicolae_ru_awakened_eye,
          serial_shops, nicolae_shop_statue_plus, uniq_eustachio
D:5:      layout_rooms, zin_treasury, temple_hall, first_ration, serial_shops,
          shop
D:6:      layout_basic, kennysheep_mini, uniq_duvessa, uniq_edmund
D:7:      layout_rooms, eat_drink_and_be_merry_uskayaw, slow_altar_1,
          nicolae_qazlal_style_of_elements, grunt_ministairs_2, uniq_menkaure
D:8:      layout_basic
D:9:      layout_basic, makhleb_heckhound_becter, old_standard_altar,
          erik_lair_dragon, kennysheep_orc_monster_closet_entryway,
          blue_anna_alchemist [blue_anna_fruit_fields, blue_anna_fruit_fields],
          uniq_pikel
D:10:     layout_roguey, uniq_snorg
Sewer:    sewer_co_scattered_pipes

Skill      XL: |  1  2  3  4  5  6  7  8  9 10 |
---------------+-------------------------------+-----
Transmutations | 3 4 5 6 8 |  8.0
Unarmed Combat | 4 5 6 7 9 |  9.9
Poison Magic   | 1 2 3 |  3.0
Spellcasting   | 3 5 |  5.2
Dodging        | 2 4 5 7 |  7.4
Evocations     | 2 4 5 |  5.0
Fighting       | 2 5 |  5.0

Action                   |  1- 3 |  4- 6 |  7- 9 | 10-12 || total
-------------------------+-------+-------+-------+-------++-------
Melee: Unarmed           |    83 |   736 |   348 |   259 ||  1426
       Tailslap          |     9 |    90 |    16 |    32 ||   147
       Punch             |       |    15 |     4 |     6 ||    25
 Fire: Blowgun           |       |     9 |     3 |       ||    12
 Cast: Spider Form       |     1 |     5 |    18 |     8 ||    32
Invok: Sacrifice Love    |       |     1 |       |       ||     1
       Reject Sacrifices |       |       |     1 |       ||     1
 Abil: End Transformatio |       |       |     4 |       ||     4
       Breathe Fire      |       |       |    21 |    17 ||    38
Evoke: Wand              |       |       |     5 |     4 ||     9
  Use: Scroll            |       |       |     8 |       ||     8
       Potion            |       |       |     2 |       ||     2
 Stab: Sleeping          |       |     2 |       |     1 ||     3
       Distracted        |       |     1 |       |     1 ||     2
  Eat: Chunk             |       |    14 |    17 |    13 ||    44
       Ration            |       |     1 |     1 |       ||     2
Armor: Skin              |    32 |    97 |    74 |    53 ||   256
Dodge: Dodged            |    63 |   229 |   279 |   193 ||   764

Table legend:
 A = Non-vault XP
 B = Vault XP
 C = Vault XP percentage of total XP
 D = Non-vault monster count
 E = Vault monster count
 F = Vault count percentage of total count
                 A         B        C        D         E       F
            +---------+---------+-------+---------+---------+-------
      Total |    8458 |    3352 |  28.4 |     187 |      82 |  30.5
            +---------+---------+-------+---------+---------+-------
        D:1 |      38 |      20 |  34.5 |      18 |      10 |  35.7
        D:2 |      80 |       0 |   0.0 |      21 |       0 |   0.0
        D:3 |      84 |     153 |  64.6 |      15 |      18 |  54.5
        D:4 |     627 |     196 |  23.8 |      31 |       1 |   3.1
        D:5 |     377 |       0 |   0.0 |      10 |       0 |   0.0
        D:6 |     649 |     377 |  36.7 |      15 |       3 |  16.7
        D:7 |    1433 |     200 |  12.2 |      22 |       2 |   8.3
        D:8 |    1381 |     234 |  14.5 |      19 |       4 |  17.4
        D:9 |    2744 |    2125 |  43.6 |      27 |      21 |  43.8
       D:10 |    1045 |       0 |   0.0 |       9 |       0 |   0.0
      Sewer |       0 |      47 | 100.0 |       0 |      23 | 100.0
            +---------+---------+-------+---------+---------+-------
